 Dungeon Crawl Stone Soup version 0.28-a0-851-g8b9cc49659 (webtiles) character file.

Game seed: 1698982005451433334

18685 Crownlay the Phalangite (level 12, -12/159 HPs)
             Began as a Minotaur Berserker on Nov 14, 2021.
             Was a High Priest of Trog.
             Mangled by a cyan ugly thing (17 damage)
             ... on level 11 of the Dungeon.
             The game lasted 00:27:45 (13808 turns).

Crownlay the Phalangite (Minotaur Berserker)       Turns: 13808, Time: 00:27:45

Health: -12/159    AC:  9    Str: 27    XL:     12   Next: 29%
Magic:  11/11      EV: 11    Int:  4    God:    Trog [*****.]
Gold:   1152       SH:  0    Dex: 10    Spells: 11/11 levels left

rFire   . . .      SeeInvis .   M - +4 glaive (vorpal)
rCold   . . .      Faith    +   (shield currently unavailable)
rNeg    . . .      Spirit   .   c - +0 ring mail
rPois   .          Reflect  .   (helmet restricted)
rElec   .          Harm     .   q - scarf {repulsion}
rCorr   .          Rampage  .   v - +0 pair of gloves
Will    ++...                   x - +0 pair of boots
Stlth   ..........              J - amulet of faith
HPRegen 1.36/turn               (no ring)
MPRegen 0.12/turn               (no ring)

@: berserking, lethally poisoned (-12 -> -12), strong-willed, regenerating,
repel missiles, very quick
A: horns 2, retaliatory headbutt
a: Renounce Religion, Berserk, Trog's Hand, Brothers in Arms


You were on level 11 of the Dungeon.
You worshipped Trog.
Trog was extremely pleased with you.
You visited 1 branch of the dungeon, and saw 11 of its levels.
You also visited: Sewer, Ossuary and Bailey.

You collected 1164 gold pieces.
You spent 12 gold pieces at shops.

Inventory:

Hand Weapons
 K - a +1 scimitar of flaming
 M - a +4 vorpal glaive (weapon)
Missiles
 B - a curare-tipped dart (quivered)
 H - 21 javelins
Armour
 a - a +0 crystal plate armour
 c - a +0 ring mail (worn)
 q - a scarf of repulsion (worn)
 v - a +0 pair of gloves (worn)
 x - a +0 pair of boots (worn)
Jewellery
 J - an amulet of faith (around neck)
Wands
 p - a wand of digging (6)
 z - a wand of mindburst (28)
 G - a wand of iceblast (12)
 L - a wand of paralysis (7)
 N - a wand of flame (36)
Scrolls
 f - 2 scrolls of brand weapon
 g - a scroll of acquirement
 h - a scroll of summoning {unknown}
 j - 2 scrolls of noise
 k - 2 scrolls of silence {unknown}
 m - 7 scrolls of enchant weapon
 o - 3 scrolls of blinking
 t - 3 scrolls of amnesia {unknown}
 w - 3 scrolls of fear
 y - 4 scrolls of teleportation
 A - 3 scrolls of enchant armour
 C - 2 scrolls of magic mapping {unknown}
 F - 2 scrolls of fog
Potions
 b - 3 potions of brilliance
 d - 7 potions of curing
 i - a potion of flight {unknown}
 l - 2 potions of lignification
 n - 2 potions of haste {unknown}
 r - 3 potions of invisibility
 s - 4 potions of might
 u - a potion of attraction {unknown}
 D - a potion of ambrosia {unknown}
 E - 2 potions of mutation {unknown}


   Skills:
 - Level 10.0 Fighting
 * Level 21.5 Polearms
 - Level 6.0 Throwing
 - Level 8.9 Armour
 - Level 2.1 Dodging
 - Level 4.0 Shields


You had 11 spell levels left.
You didn't know any spells.
Your spell library was empty.

Dungeon Overview and Level Annotations

Branches:
Dungeon (11/15)            Temple (0/1) D:5            Lair (0/6) D:10
    Orc (0/2) D:9           Sewer (visited)         Ossuary (visited)
 Bailey (visited)

Altars:
Ashenzari
Cheibriados
Elyvilon
Fedhas
Gozag
Hepliaklqana
Kikubaaqudgha
Makhleb
Okawaru
Sif Muna
Xom
The Shining One
Jiyva

Shops:
D:5 (   D:6 !   D:11 (:*(:

Annotations:
D:11 3 runed translucent doors, NinjaGaidenIII's ghost, journeyman GrBe


Innate Abilities, Weirdness & Mutations

You have a pair of horns on your head.
You reflexively headbutt those who attack you in melee.


Message History

The green ugly thing basks in the mutagenic energy from its kin and changes!
You slice the cyan ugly thing!!
The cyan ugly thing is moderately wounded.
You feel sick.
You closely miss the cyan ugly thing.
The cyan ugly thing is moderately wounded.
You feel sick.
You closely miss the cyan ugly thing.
The cyan ugly thing is moderately wounded.
You feel sick.
A killer bee comes into view.
The cyan ugly thing closely misses you. You furiously retaliate!
You headbutt the cyan ugly thing.
A red film seems to cover your vision as you go berserk!
You feel yourself moving faster!
You feel mighty!
You feel sick. The manticore bites you!
The manticore claws you but does no damage. x2
The cyan ugly thing stings you! The cyan ugly thing shocks you!
* * * LOW HITPOINT WARNING * * *
You barely miss the manticore. You headbutt the manticore!!
The manticore is moderately wounded.
You feel sick.
You slice the manticore like a ripe choko!!!
You kill the manticore!
Trog accepts your kill. The cyan ugly thing stings you.
* * * LOW HITPOINT WARNING * * *
The cyan ugly thing shocks you!
* * * LOW HITPOINT WARNING * * *
You closely miss the cyan ugly thing.
Your headbutt misses the cyan ugly thing.
The cyan ugly thing is heavily wounded.
You feel sick.
You barely miss the cyan ugly thing. You headbutt the cyan ugly thing.
The cyan ugly thing is heavily wounded.
The killer bee barely misses you. You furiously retaliate!
You headbutt the killer bee. The cyan ugly thing stings you!
* * * LOW HITPOINT WARNING * * *
The cyan ugly thing shocks you!
You die...

#...#)###......#..##.
#.#.#..###....#.##..#
#...#....##..........
#.#...#†###.........
##.#.#....##.....#.#.
#..#..#.#.###.....#.#
#..#$#†...##...#.#.
#.#u#.....###...#.#
#.@#†.###..##..#.##
#...#y.####.#.##.#.##
##.#..## #...#.#..#..
#.#.... ....##..##
#..#.#.# #..#....
#.#.# #! #...... #..#
#. #..#†... .
....##.(##
#...#.#..#..


You could see a cyan ugly thing and a killer bee.

Vanquished Creatures
  A hydra (D:11)
  Erica (D:8)
  2 two-headed ogres
  A skeletal warrior (D:11)
  A cyclops (D:11)
  2 manticores (D:11)
  A gargoyle (D:9)
  Maggie (D:7)
  Psyche (D:8)
  A komodo dragon (D:11)
  A troll (D:11)
  A queen bee (D:11)
  Prince Ribbit (D:6)
  A wyvern (D:9)
  A shadow (D:11)
  A wraith (D:11)
  16 yaks
  A basilisk (D:11)
  6 vampire mosquitoes
  2 steam dragons
  2 acid dragons (D:11)
  A water moccasin (D:6)
  Pargi (Sewer)
  Duvessa (D:6)
  2 ice beasts
  14 orc warriors
  2 black bears
  A necrophage (D:6)
  3 sky beasts
  4 ogres
  14 centaurs
  2 kobold brigands
  2 phantoms
  Blork the orc (D:6)
  3 bullfrogs
  Dowan (D:6)
  4 scorpions
  2 water moccasin skeletons
  27 killer bees
  A howler monkey (D:9)
  4 crimson imps (D:9)
  A bullfrog zombie (D:7)
  A hound (D:5)
  4 centaur zombies
  11 orc priests
  A bullfrog skeleton (D:6)
  2 iguanas (D:5)
  Terence (D:3)
  11 orc wizards
  2 hound zombies (D:5)
  2 hound skeletons (D:5)
  9 mummies
  Robin (D:2)
  10 adders
  3 white imps
  An adder zombie (D:5)
  A worm (D:5)
  2 dart slugs
  71 orcs
  8 ball pythons
  6 bats
  2 endoplasms
  10 giant cockroaches
  15 goblins
  11 hobgoblins
  A jackal (D:3)
  18 kobolds
  5 quokkas
  5 frilled lizards
  4 hobgoblin zombies
  3 kobold zombies (Ossuary)
  3 orc zombies (Ossuary)
  15 rats
375 creatures vanquished.

Vanquished Creatures (collateral kills)
  A boulder beetle (D:11)
1 creature vanquished.

Vanquished Creatures (others)
  3 plants
3 creatures vanquished.

Grand Total: 379 creatures vanquished

Notes
Turn   | Place    | Note
-------+----------+-------------------------------------------
     0 | D:1      | Crownlay the Minotaur Berserker began the quest for the
                  | Orb.
     0 | D:1      | Reached XP level 1. HP: 19/19 MP: 0/0
   196 | D:1      | Reached skill level 4 in Polearms
   208 | D:1      | Reached XP level 2. HP: 14/26 MP: 1/1
   981 | D:2      | Found a faded altar of an unknown god.
   987 | D:2      | Reached skill level 5 in Polearms
   988 | D:2      | Reached ** piety under Trog
  1191 | D:2      | Reached XP level 3. HP: 30/31 MP: 2/2
  1292 | D:2      | Noticed Robin
  1316 | D:2      | Killed Robin
  1318 | D:2      | Reached skill level 6 in Polearms
  1318 | D:2      | Reached XP level 4. HP: 34/39 MP: 3/3
  1737 | D:3      | Found a glowing drain.
  1741 | Sewer    | Entered a sewer
  1888 | Sewer    | Noticed Pargi
  1905 | Sewer    | Killed Pargi
  1906 | Sewer    | Reached skill level 7 in Polearms
  1906 | Sewer    | Reached XP level 5. HP: 41/45 MP: 4/4
  2670 | D:3      | Reached skill level 8 in Polearms
  2675 | D:3      | Reached *** piety under Trog
  2676 | D:3      | Reached skill level 1 in Shields
  2871 | D:3      | Reached XP level 6. HP: 51/51 MP: 5/5
  2895 | D:3      | Noticed Terence
  2914 | D:3      | Killed Terence
  3062 | D:4      | Found a burning altar of Makhleb.
  3130 | D:4      | Found a glowing golden altar of the Shining One.
  3134 | D:4      | Found a snail-covered altar of Cheibriados.
  3134 | D:4      | Found a white marble altar of Elyvilon.
  3377 | D:4      | Reached XP level 7. HP: 40/57 MP: 6/6
  3850 | D:4      | Reached skill level 9 in Polearms
  3997 | D:5      | Entered Level 5 of the Dungeon
  4082 | D:5      | Found an ancient bone altar of Kikubaaqudgha.
  4341 | D:5      | Reached skill level 10 in Polearms
  4347 | D:5      | Found Nid Jecwi's Weapon Emporium.
  4521 | D:5      | Reached XP level 8. HP: 45/64 MP: 7/7
  4676 | D:5      | Found a staircase to the Ecumenical Temple.
  4724 | D:5      | Reached skill level 11 in Polearms
  5001 | D:5      | Found a broken altar of Ashenzari.
  5056 | D:5      | Identified 2 scrolls of acquirement
  5058 | D:5      | Acquired a +0 buckler of protection
  5109 | D:6      | Reached skill level 12 in Polearms
  5249 | D:6      | Found Teuss's Distillery.
  5252 | D:6      | Bought a potion of degeneration for 12 gold pieces
  5373 | D:6      | Reached skill level 5 in Fighting
  5446 | D:6      | Noticed Duvessa
  5446 | D:6      | Noticed Dowan
  5456 | D:6      | Killed Duvessa
  5465 | D:6      | Killed Dowan
  5584 | D:6      | Reached XP level 9. HP: 78/78 MP: 8/8
  5603 | D:6      | Noticed Blork the orc
  5623 | D:6      | Killed Blork the orc
  5624 | D:6      | Reached skill level 5 in Armour
  5638 | D:6      | Reached **** piety under Trog
  5845 | D:6      | Noticed Prince Ribbit
  5860 | D:6      | Killed Prince Ribbit
  6055 | D:7      | Reached skill level 1 in Throwing
  6138 | D:7      | Reached skill level 10 in Fighting
  6176 | D:7      | Found an opulent altar of Gozag.
  6269 | D:7      | Noticed Maggie
  6279 | D:7      | Killed Maggie
  6312 | D:7      | Found a sand-covered staircase.
  6318 | Ossuary  | Entered an ossuary
  6371 | Ossuary  | Reached skill level 5 in Throwing
  6645 | D:7      | Reached XP level 10. HP: 93/93 MP: 9/9
  7123 | D:6      | Acquired a manual of Polearms
  7180 | D:8      | Found a flagged portal.
  7196 | Bailey   | Entered a bailey
  7541 | Bailey   | Reached ***** piety under Trog
  7976 | Bailey   | Reached skill level 13 in Polearms
  8957 | D:8      | Reached skill level 14 in Polearms
  9100 | D:8      | Noticed Psyche
  9112 | D:8      | Killed Psyche
  9113 | D:8      | Reached skill level 15 in Polearms
  9138 | D:8      | Found a blossoming altar of Fedhas.
  9381 | D:8      | Noticed Erica
  9400 | D:8      | Killed Erica
  9401 | D:8      | Reached skill level 16 in Polearms
  9719 | D:8      | Found an iron altar of Okawaru.
 10087 | D:9      | Reached XP level 11. HP: 62/99 MP: 10/10
 10212 | D:9      | Found a staircase to the Orcish Mines.
 10740 | D:9      | Reached skill level 17 in Polearms
 10904 | D:9      | Found a shimmering altar of Xom.
 11148 | D:9      | Found a shimmering blue altar of Sif Muna.
 11354 | D:10     | Entered Level 10 of the Dungeon
 11398 | D:10     | Found a staircase to the Lair.
 11582 | D:10     | Received a gift from Trog
 11586 | D:10     | Reached skill level 18 in Polearms
 11817 | D:10     | Found a hazy altar of Hepliaklqana.
 11884 | D:10     | Noticed a two-headed ogre
 11895 | D:10     | Killed a two-headed ogre
 12220 | D:11     | Noticed a seven-headed hydra
 12225 | D:11     | Killed a nine-headed hydra
 12226 | D:11     | Reached skill level 19 in Polearms
 12255 | D:11     | Found Tuun Zax's Book Boutique.
 12337 | D:11     | Noticed a boulder beetle
 12353 | D:11     | Killed a boulder beetle
 12668 | D:11     | Found a runed translucent gate.
 12669 | D:11     | Found a runed translucent gate.
 12669 | D:11     | Found a runed translucent gate.
 12669 | D:11     | Noticed a glowing orange brain
 12671 | D:11     | Noticed NinjaGaidenIII's ghost (journeyman GrBe)
 12674 | D:11     | Found a viscous altar of Jiyva.
 12692 | D:11     | Found Haolugruy's General Store.
 12732 | D:11     | Found Durin's Weapon Emporium.
 12786 | D:11     | Found Yhifis's Antique Weapon Shop.
 12841 | D:11     | Noticed a two-headed ogre
 12851 | D:11     | Killed a two-headed ogre
 12852 | D:11     | Reached skill level 20 in Polearms
 13086 | D:11     | Reached XP level 12. HP: 22/106 MP: 11/11
 13574 | D:11     | Found Nimp's Book Shop.
 13627 | D:11     | Reached skill level 21 in Polearms
 13808 | D:11     | HP: 5/159 [cyan ugly thing (8)]
 13808 | D:11     | Mangled by a cyan ugly thing

Illustrated notes

Levels and vault maps discovered:
D:1:      wander_arrival_estate, layout_basic, minmay_vboxes
D:2:      layout_basic, chequers_ecumenical_altar_simple_redux, uniq_robin
D:3:      minmay_chambers_of_threes, layout_basic, gup_sewer_entry_spiral,
          uniq_terence
D:4:      layout_loops_cross, grunt_temple_overflow_open
D:5:      layout_cave_pools, marbit_many_paths, amcnicky_altar_gilded,
          minmay_temple_entry_enclosed_plants, serial_shops, shop
D:6:      layout_rooms, serial_shops, nicolae_shop_behind_doors,
          minmay_misc_feat_roman, uniq_prince_ribbit1, uniq_blork_the_orc,
          uniq_duvessa
D:7:      layout_loops_ring, overflow_temple_1_default,
          nicolae_ossuary_entry_giza, uniq_maggie
D:8:      layout_loops_cross, kennysheep_little_box, fedhas_ov_isle_minmay,
          enter_bailey_5, uniq_psyche, uniq_erica
D:9:      layout_gridville, led_xom_imps, lemuel_blue_sif_altar,
          hiddenorc2_lemuel, serial_rivers, chequers_serial_rivers_small_3,
          chequers_serial_rivers_room_b, chequers_serial_rivers_room_a,
          chequers_serial_rivers_large_a, grunt_ministairs_6
D:10:     layout_big_octagon, mainiacjoe_overflow_surrounded_room, hex_large
D:11:     regret_index_bee_streams, layout_cave_pools, gammafunk_ghost_ooze,
          serial_shops, kennysheep_mini, kennysheep_mini_moat, shop, shop,
          nicolae_shop_behind_doors

Skill      XL: |  1  2  3  4  5  6  7  8  9 10 11 12 |
---------------+-------------------------------------+-----
Polearms       | 4 5 6 7 8 10 12 16 20 21 | 21.5
Shields        | 1 3 4 |  4.0
Fighting       | 6 10 | 10.0
Armour         | 4 5 7 8 |  8.9
Throwing       | 5 6 |  6.0
Dodging        | |  2.1

Action                   |  1- 3 |  4- 6 |  7- 9 | 10-12 || total
-------------------------+-------+-------+-------+-------++-------
Melee: Spear             |    75 |   220 |   468 |    94 ||   857
       Headbutt          |     7 |    26 |    97 |    77 ||   207
       Trident           |       |       |       |   423 ||   423
       Glaive            |       |       |       |   169 ||   169
Throw: Javelin           |       |       |       |     1 ||     1
       Dart              |       |       |       |     5 ||     5
Invok: Berserk           |     1 |     1 |     4 |     6 ||    12
       Trog's Hand       |     1 |     3 |     8 |    13 ||    25
       Brothers in Arms  |       |       |       |     1 ||     1
  Use: Scroll            |       |       |    15 |     4 ||    19
       Potion            |       |       |       |     3 ||     3
 Stab: Distracted        |       |       |       |     1 ||     1
Armor: Ring mail         |    24 |    42 |    62 |   176 ||   304
Dodge: Dodged            |    43 |    64 |    88 |   308 ||   503
       Repelled          |       |       |     2 |     4 ||     6
Block: Buckler           |       |       |    25 |    82 ||   107

Table legend: (Time is in decaauts)
 A = Elapsed time spent in this place.
 B = Non-inter-level travel time spent in this place.
 C = Inter-level travel time spent in this place.
 D = Time resting spent in this place.
 E = Time spent auto-exploring this place.
 F = Levels seen in this place.
 G = Mean time per level.
                   A        B        C        D        E       F      G
               +--------+--------+--------+--------+--------+-----+--------+
         Total |  13494 |  13155 |    339 |    450 |  10018 |  14 |  963.9 |
       Dungeon |  11208 |  10869 |    339 |    450 |   8435 |  11 | 1018.9 |
         Sewer |    377 |    377 |      0 |      0 |    291 |   1 |  377.0 |
       Ossuary |    213 |    213 |      0 |      0 |    124 |   1 |  213.0 |
        Bailey |   1696 |   1696 |      0 |      0 |   1168 |   1 | 1696.0 |
               +--------+--------+--------+--------+--------+-----+--------+

Top non-repeatable levels by time:
  Bailey: 1696 daAuts
    D:11: 1541 daAuts
     D:9: 1277 daAuts
     D:3: 1262 daAuts
     D:8: 1096 daAuts
     D:5: 1013 daAuts
     D:6: 922 daAuts
     D:1: 888 daAuts
     D:7: 855 daAuts
    D:10: 853 daAuts
     D:4: 767 daAuts
     D:2: 730 daAuts
   Sewer: 377 daAuts
 Ossuary: 213 daAuts
